 Dungeon Crawl Stone Soup version 0.29.1-13-g9f3cf754e1 (webtiles) character file.

Game seed: 6327165715005509050

17749 renven the Severer (level 12, -9/103 HPs)
             Began as a Minotaur Berserker on Jan 18, 2023.
             Was an Elder of Trog.
             Mangled by a boulder beetle (38 damage)
             ... on level 12 of the Dungeon on Jan 19, 2023.
             The game lasted 01:44:53 (13076 turns).

renven the Severer (Minotaur Berserker)            Turns: 13076, Time: 01:44:54

Health: -9/103     AC: 21    Str: 26    XL:     12   Next: 21%
Magic:  11/11      EV:  9    Int:  4    God:    Trog [****..]
Gold:   778        SH:  6    Dex: 11    Spells: 11/11 levels left

rFire   + . .      SeeInvis .   H - +2 war axe (elec)
rCold   + . .      Faith    .   T - +0 kite shield
rNeg    . . .      Spirit   .   S - +3 plate armour
rPois   .          Reflect  .   y - +2 hat
rElec   .          Harm     .   g - +2 cloak
rCorr   .          Rampage  .   Q - +0 pair of gloves
Will    .....                   (no boots)
Stlth   ..........              (no amulet)
HPRegen 0.27/turn               B - ring of protection from cold
MPRegen 0.12/turn               C - ring of protection from fire

@: on berserk cooldown, slowed, very slow
A: horns 2, retaliatory headbutt
a: Renounce Religion, Berserk, Trog's Hand, Brothers in Arms


You were on level 12 of the Dungeon.
You worshipped Trog.
Trog was greatly pleased with you.
You visited 2 branches of the dungeon, and saw 15 of its levels.

You collected 778 gold pieces.

Inventory:

Hand Weapons
 a - a +0 hand axe
 e - a +0 spear
 i - a +1 trident of venom
 l - the +5 falchion "Otahes" {elec, *Noise rPois SInv}
   (You found it on level 13 of the Dungeon)

   It occasionally discharges a powerful burst of electricity upon striking a
   foe.
   rPois:     It protects you from poison.
   SInv:      It lets you see invisible.
   *Noise:    It may make noises in combat.
 x - a +4 halberd
 z - a +4 vorpal spear
 E - a +0 war axe
 H - a +2 war axe of electrocution (weapon)
Missiles
 m - 24 stones (quivered)
 n - 45 poisoned darts
 M - a curare-tipped dart
Armour
 g - a +2 cloak (worn)
 y - a +2 hat (worn)
 F - the +2 ring mail of the Five Interlopers {Int+3 Stlth+}
   (You found it on level 6 of the Dungeon)

   Int:       It affects your intelligence (+3).
   Stlth:     It makes you more stealthy.
 K - a +1 chain mail of willpower
 Q - a +0 pair of gloves (worn)
 S - a +3 plate armour (worn)
 T - a +0 kite shield (worn)
Jewellery
 c - an amulet of faith
 B - a ring of protection from cold (left hand)
 C - a ring of protection from fire (right hand)
 G - a ring of positive energy
Wands
 r - a wand of digging (5)
 v - a wand of roots (16)
 J - a wand of flame (1)
Scrolls
 b - 2 scrolls of blinking {unknown}
 h - a scroll of acquirement {unknown}
 u - a scroll of magic mapping
 I - a scroll of identify
 N - 2 scrolls of fear
 P - 4 scrolls of teleportation
 R - 2 scrolls of enchant weapon
Potions
 d - 4 potions of mutation
 f - 5 potions of invisibility
 j - 3 potions of curing
 k - 2 potions of brilliance
 o - 4 potions of ambrosia
 p - 2 potions of attraction
 q - 3 potions of cancellation
 s - 2 potions of might
 t - 3 potions of flight {unknown}
 A - a potion of berserk rage {unknown}
 D - 3 potions of haste {unknown}
 L - 4 potions of lignification {unknown}
 O - a potion of magic {unknown}


   Skills:
 + Level 8.9 Fighting
 - Level 16.0 Axes
 * Level 5.1 Armour
 + Level 14.4 Dodging


You had 11 spell levels left.
You didn't know any spells.
Your spell library was empty.

Dungeon Overview and Level Annotations

Branches:
Dungeon (14/15)            Temple (1/1) D:5            Lair (0/5) D:9
    Orc (0/2) D:9
 Vaults: D:13-14

Altars:
Ashenzari
Cheibriados
Dithmenos
Elyvilon
Fedhas
Gozag
Hepliaklqana
Kikubaaqudgha
Makhleb
Nemelex Xobeh
Okawaru
Qazlal
Ru
Sif Muna
Trog
Uskayaw
Vehumet
Wu Jian
Xom
Yredelemnul
Zin
The Shining One

Shops:
D:7 :   D:14 (

Annotations:
D:12 2 transporters, gargbit's ghost, journeyman VSFi


Innate Abilities, Weirdness & Mutations

You have a pair of horns on your head.
You reflexively headbutt those who attack you in melee.


Message History

You feel yourself moving faster!
You feel mighty!
The large slime creature barely misses you.
You slash the large slime creature! You headbutt the large slime creature.
The large slime creature is almost dead.
You slash the large slime creature!
The large slime creature is almost dead.
The boulder beetle stops rolling and uncurls.
The large slime creature hits you!!
* * * LOW HITPOINT WARNING * * *
You slice the large slime creature!!
You kill the large slime creature!
Trog accepts your kill.
The boulder beetle leaps!
Your Armour skill increases to level 5!
Things that are here:
a +0 giant spiked club; a +0 giant club; a two-headed ogre corpse You feel a strong urge to attack something.
You feel your anger nearly subside.
You are no longer berserk.
You are exhausted.
You feel yourself slow down.
The boulder beetle curls into a ball and begins rolling!
Okay, then.
You feel much better. The boulder beetle hits you!
* * * LOW HITPOINT WARNING * * *
The boulder beetle stops rolling and uncurls.
You hit the boulder beetle.
The boulder beetle is lightly wounded.
You block the boulder beetle's attack. The boulder beetle barely misses you.
You hit the boulder beetle but do no damage.
You block the boulder beetle's attack.
You hit the boulder beetle but do no damage.
You headbutt the boulder beetle, but do no damage.
You block the boulder beetle's attack.
You slash the boulder beetle!
Your headbutt misses the boulder beetle.
The boulder beetle is lightly wounded.
The boulder beetle leaps!
The boulder beetle curls into a ball and begins rolling!
The boulder beetle hits you!!!
You die...

.. ... #. ..~....
.#.####~~[##.##
.......~......######
.......~......#....#
.......○.# #†#....#
.......○~####)#....#
.......B~.....#....#
......>@......#....#
...##########'#....#....
...............#....
...............#....
...............#...<
...............#....
#######'###+####....
....................
..................†.


You could see a boulder beetle (rolling).

Vanquished Creatures
  2 boulder beetles (D:14)
  A centaur warrior (D:14)
  3 two-headed ogres
  A deep elf pyromancer (D:14)
  A slime creature (D:12)
  A cyclops (D:12)
  2 manticores
  A kobold demonologist (D:11)
  An efreet (D:13)
  A komodo dragon (D:11)
  A troll (D:12)
  A hornet (D:8)
  Prince Ribbit (D:5)
  Sigmund (D:3)
  A spriggan (D:7)
  2 vampires
  A wyvern (D:9)
  12 yaks
  Eustachio (D:4)
  2 wraiths
  3 basilisks
  2 steam dragons
  8 vampire mosquitoes
  Menkaure (D:4)
  2 acid dragons
  Duvessa (D:5)
  4 water moccasins
  5 orc warriors
  A black bear (D:4)
  3 ice beasts
  2 sky beasts (D:7)
  2 wolves (D:12)
  A centaur (D:10)
  6 kobold brigands
  2 gnoll sergeants
  4 bullfrogs
  3 necrophages
  3 scorpions
  7 wights
  Dowan (D:5)
  An electric eel (D:10)
  A howler monkey (D:9)
  A gnoll bouda (D:6)
  3 hounds
  3 jellies
  9 orc priests
  3 iguanas
  An iguana (shapeshifter) (D:14)
  5 orc wizards
  16 gnolls
  6 adders
  5 white imps
  2 worms
  3 dart slugs
  20 orcs
  5 endoplasms
  5 giant cockroaches
  6 goblins
  3 hobgoblins
  3 jackals (D:2)
  27 kobolds
  4 quokkas
  8 ball pythons
  3 bats
  2 frilled lizards (D:1)
  23 rats
266 creatures vanquished.

Vanquished Creatures (collateral kills)
  A boulder beetle (D:12)
  A centaur warrior (D:12)
  A deep elf pyromancer (D:14)
  3 centaurs (D:12)
6 creatures vanquished.

Vanquished Creatures (others)
  A human (D:14)
  2 fungi (D:9)
  11 plants (D:9)
14 creatures vanquished.

Grand Total: 286 creatures vanquished

Notes
Turn   | Place    | Note
-------+----------+-------------------------------------------
     0 | D:1      | renven the Minotaur Berserker began the quest for the Orb.
     0 | D:1      | Reached XP level 1. HP: 19/19 MP: 0/0
   250 | D:1      | Reached skill level 4 in Axes
   538 | D:1      | Reached XP level 2. HP: 27/27 MP: 1/1
  1000 | D:2      | Reached XP level 3. HP: 33/33 MP: 2/2
  1072 | D:2      | Reached ** piety under Trog
  1088 | D:2      | Reached skill level 5 in Axes
  1218 | D:2      | Found a faded altar of an unknown god.
  1740 | D:3      | Reached XP level 4. HP: 40/41 MP: 3/3
  2010 | D:3      | Noticed Sigmund
  2038 | D:3      | Killed Sigmund
  2039 | D:3      | Reached skill level 5 in Fighting
  2039 | D:3      | Reached skill level 6 in Axes
  2039 | D:3      | Reached XP level 5. HP: 16/48 MP: 4/4
  2544 | D:4      | Reached skill level 7 in Axes
  2544 | D:4      | Reached XP level 6. HP: 41/57 MP: 5/5
  2648 | D:4      | Noticed Eustachio
  2673 | D:4      | Noticed Menkaure
  2707 | D:4      | HP: 1/57 [Menkaure/nerve-wracking pain (4)]
  3053 | D:4      | Killed Menkaure
  3054 | D:4      | Killed Eustachio
  3055 | D:4      | Reached skill level 8 in Axes
  3055 | D:4      | Reached XP level 7. HP: 48/64 MP: 6/6
  4027 | D:5      | Entered Level 5 of the Dungeon
  4053 | D:5      | Reached skill level 9 in Axes
  4087 | D:5      | Found a staircase to the Ecumenical Temple.
  4095 | Temple   | Entered the Ecumenical Temple
  4311 | D:5      | Noticed Duvessa
  4311 | D:5      | Noticed Dowan
  4316 | D:5      | Killed Duvessa
  4320 | D:5      | Killed Dowan
  4632 | D:5      | Reached XP level 8. HP: 59/73 MP: 7/7
  4637 | D:5      | Reached skill level 10 in Axes
  4984 | D:5      | Noticed Prince Ribbit
  4993 | D:5      | Killed Prince Ribbit
  5095 | D:5      | Found a blossoming altar of Fedhas.
  5643 | D:6      | Reached skill level 11 in Axes
  6104 | D:6      | Identified the +2 ring mail of the Five Interlopers {Int+3
                  | Stlth+}
  6189 | D:6      | Reached XP level 9. HP: 80/81 MP: 8/8
  6429 | D:6      | Reached *** piety under Trog
  6430 | D:6      | Reached skill level 12 in Axes
  6433 | D:6      | Found a stormy altar of Qazlal.
  6433 | D:6      | Found a shimmering altar of Xom.
  6436 | D:6      | Found a radiant altar of Vehumet.
  6437 | D:6      | Found a burning altar of Makhleb.
  6990 | D:7      | Reached skill level 13 in Axes
  6990 | D:7      | Reached skill level 5 in Dodging
  7147 | D:7      | Found Cesenuaz's Book Emporium.
  7334 | D:7      | Upgraded the game from 0.29.1-12-g30fa7ad0bf to
                  | 0.29.1-13-g9f3cf754e1
  7356 | D:8      | Found a flagged portal.
  7566 | D:8      | Reached skill level 14 in Axes
  7574 | D:8      | Reached XP level 10. HP: 79/88 MP: 9/9
  7800 | D:8      | Reached **** piety under Trog
  8485 | D:9      | Reached skill level 15 in Axes
  8573 | D:9      | Found a staircase to the Orcish Mines.
  8728 | D:9      | Reached skill level 16 in Axes
  8898 | D:9      | Found a staircase to the Lair.
  8919 | D:9      | Found a white marble altar of Elyvilon.
  9213 | D:10     | Entered Level 10 of the Dungeon
  9573 | D:10     | Noticed a two-headed ogre
  9616 | D:10     | Killed a two-headed ogre
  9617 | D:10     | Reached skill level 10 in Dodging
  9617 | D:10     | Reached XP level 11. HP: 94/94 MP: 10/10
  9880 | D:10     | Found a shimmering blue altar of Sif Muna.
 10449 | D:11     | You fall into a shaft and drop 3 floors!
 10463 | D:14     | Found Uwaaloti's Weapon Shop.
 10465 | D:14     | Noticed a centaur warrior
 10487 | D:14     | Killed a centaur warrior
 10597 | D:14     | Noticed a boulder beetle
 10608 | D:14     | Killed a boulder beetle
 10865 | D:14     | Noticed a boulder beetle
 10885 | D:14     | Noticed a deep elf pyromancer
 10915 | D:14     | Killed a deep elf pyromancer
 10928 | D:14     | Killed a boulder beetle
 11025 | D:14     | Noticed a deep elf pyromancer
 11079 | D:14     | Killed a deep elf pyromancer
 11624 | D:13     | Identified the +5 falchion "Otahes" {elec, *Noise rPois
                  | SInv}
 11645 | D:12     | Noticed a centaur warrior
 11678 | D:12     | Noticed a boulder beetle
 11679 | D:12     | Killed a centaur warrior
 11682 | D:12     | Killed a boulder beetle
 11839 | D:12     | Found a transporter.
 11839 | D:12     | Noticed gargbit's ghost (journeyman VSFi)
 11977 | D:12     | Found a frozen archway.
 12620 | D:12     | Found a transporter.
 12622 | D:12     | Noticed a two-headed ogre
 12633 | D:12     | Killed a two-headed ogre
 12634 | D:12     | Reached XP level 12. HP: 103/103 MP: 11/11
 13033 | D:12     | Noticed a two-headed ogre
 13043 | D:12     | Killed a two-headed ogre
 13047 | D:12     | Noticed a boulder beetle
 13064 | D:12     | Reached skill level 5 in Armour
 13076 | D:12     | Mangled by a boulder beetle

Illustrated notes

Levels and vault maps discovered:
D:1:      ncdulo_lavacross, layout_loops_corners, hangedman_decor_growths
D:2:      layout_loops_ring, ebering_ecumenical_altar_box, minivault_26,
          minmay_rat_hole
D:3:      layout_loops_ring, kennysheep_donut, dk_noncrumbling_2, uniq_sigmund
D:4:      layout_basic, grunt_decor_mini_mirrors, uniq_eustachio, uniq_menkaure
D:5:      layout_basic, mainiacjoe_overflow_small_starburst,
          minmay_temple_entry_ruins, uniq_prince_ribbit1, uniq_duvessa
D:6:      layout_layer_cave, minitemple, serial_glass, glass_columns_a,
          glass_columns_b, glass_columns_a, glass_columns_b,
          minmay_misc_feat_hallway, minivault_5
D:7:      layout_rooms, serial_shops, shop, the_hattery
D:8:      layout_basic, enter_bailey_6, hangedman_decor_riveting
D:9:      layout_basic, mainiacjoe_overflow_boulevard, minmay_lair_entry_grove,
          david_orc_1_choice, kennysheep_generic_room_13
D:10:     layout_gridville, mainiacjoe_overflow_alcove_4, fountainhead
D:11:     layout_rooms
D:12:     layout_stronghold, serial_ice, serial_ice_d, serial_ice_k,
          serial_ice_h, serial_ice_g, portal_ice_cave_entry_pillars_2,
          gammafunk_ghost_stat_death
D:13:     minmay_the_grid_triangle_9x9_recursive_2_mashed
          [minmay_the_grid_triangle_9x9_prize_schism,
          minmay_the_grid_triangle_9x9_empty,
          minmay_the_grid_triangle_9x9_cache,
          minmay_the_grid_triangle_9x9_minimal], layout_rooms,
          chequers_serial_rivers_micro_c, uniq_urug
D:14:     layout_irregular_city, ximxim_vaults_locker_room, serial_shops,
          nicolae_shop_bloodbath_and_beyond
Temple:   nicolae_temple_bog_church

Skill      XL: |  1  2  3  4  5  6  7  8  9 10 11 12 |
---------------+-------------------------------------+-----
Axes           | 4 5 6 7 8 9 11 14 16 | 16.0
Fighting       | 4 5 6 7 8 |  8.9
Dodging        | 3 6 10 14 | 14.4
Armour         | 3 5 |  5.1

Action                   |  1- 3 |  4- 6 |  7- 9 | 10-12 || total
-------------------------+-------+-------+-------+-------++-------
Melee: Spear             |    12 |       |   101 |       ||   113
       Hand axe          |     6 |       |       |       ||     6
       Headbutt          |     9 |    10 |    29 |    67 ||   115
       Trident           |    73 |    30 |       |       ||   103
       Halberd           |       |    59 |    61 |       ||   120
       Punch             |       |       |     1 |     4 ||     5
       War axe           |       |       |    77 |   368 ||   445
Throw: Stone             |     2 |    12 |    55 |    50 ||   119
       Dart              |       |       |       |     1 ||     1
Invok: Berserk           |       |     4 |     1 |     7 ||    12
       Trog's Hand       |       |     5 |     4 |     9 ||    18
Evoke: Wand              |       |       |       |     7 ||     7
  Use: Scroll            |     7 |     2 |     7 |    10 ||    26
       Potion            |       |     3 |       |     4 ||     7
Armor: Animal skin       |     2 |       |       |       ||     2
       Ring mail         |    19 |    49 |    46 |       ||   114
       Chain mail        |       |       |    16 |    58 ||    74
       Plate armour      |       |       |       |   114 ||   114
Dodge: Dodged            |    39 |    66 |    86 |   149 ||   340
Block: Kite shield       |       |       |       |    12 ||    12
